 Dungeon Crawl Stone Soup version 0.31-a0-1009-g454b1f1e0a (webtiles) character file.

Game seed: 338290021763400479

2462 Queen the Poker (level 9, -2/81 HPs)
             Began as a Minotaur Monk on Nov 15, 2023.
             Was a Priest of Qazlal.
             Blown up by Pikel (20 damage)
             ... with a mindburst bolt
             ... on level 7 of the Dungeon.
             The game lasted 00:12:18 (4979 turns).

Queen the Poker (Minotaur Monk)                     Turns: 4979, Time: 00:12:19

Health: -2/81      AC: 13    Str: 27    XL:     9   Next: 26%
Magic:  11/11      EV: 11    Int:  7    God:    Qazlal [***...]
Gold:   437        SH:  4    Dex: 12    Spells: 8/8 levels left

rFire   . . .        m - +0 trident
rCold   . . .        d - orb {light}
rNeg    . . .        l - +0 chain mail
rPois   .            (helmet restricted)
rElec   .            (no cloak)
rCorr   .            (no gloves)
SInv    .            a - +2 pair of boots
Will    .....        n - amulet of regeneration Stlth
                     e - +6 ring of strength
HPRegen 1.13/turn    (no ring)
MPRegen 0.12/turn

%: no passive effects
@: glowing
A: horns 2, retaliatory headbutt
a: Renounce Religion, Upheaval, Elemental Force


You were on level 7 of the Dungeon.
You worshipped Qazlal.
Qazlal was most pleased with you.
You visited 2 branches of the dungeon, and saw 8 of its levels.

You collected 437 gold pieces.

Inventory:

Hand Weapons
 m - a +0 trident (weapon)
Missiles
 y - a throwing net
Armour
 a - a +2 pair of boots (worn)
 d - an orb of light (worn)
 l - a +0 chain mail (worn)
Jewellery
 e - a +6 ring of strength (left hand)
 n - an amulet of regeneration (around neck)
 w - a ring of resist corrosion
 z - a ring of poison resistance
Wands
 s - a wand of polymorph (12)
 B - a wand of charming (6)
Scrolls
 b - 3 scrolls of fog
 c - 6 scrolls of teleportation
 q - 2 scrolls of blinking
 t - 2 scrolls of fear
 u - a scroll of enchant weapon {unknown}
 v - a scroll of torment {unknown}
 x - a scroll of revelation {unknown}
 A - a scroll of noise {unknown}
Potions
 f - 3 potions of resistance
 g - 2 potions of invisibility
 h - a potion of berserk rage {unknown}
 i - 3 potions of mutation
 j - a potion of cancellation {unknown}
 k - a potion of heal wounds
 o - 3 potions of curing
 p - 2 potions of enlightenment {unknown}
 r - 2 potions of degeneration {unknown}


   Skills:
 + Level 7.9 Fighting
 + Level 7.9 Polearms
 + Level 6.7 Armour
 + Level 7.2 Dodging
 + Level 4.3 Invocations


You had 8 spell levels left.
You didn't know any spells.
Your spell library contained the following spells:

 Spells                   Type           Power      Damage    Failure   Level
 Kiss of Death            Conj/Necr      0%         2d5       89%         1
 Confusing Touch          Hex            0%         N/A       99%         3
 Ignite Poison            Fire/Tmut/Pois 0%         N/A       99%         3
 Dispel Undead            Necr           0%         3d6       100%        4
 Sticky Flame             Conj/Fire      0%         2d3       100%        4
 Summon Forest            Summ/Tloc      0%         N/A       100%        5
 Summon Mana Viper        Hex/Summ       0%         N/A       100%        5
 Summon Cactus Giant      Summ           0%         N/A       100%        6
 Ignition                 Fire           0%         3d3       100%        8


Dungeon Overview and Level Annotations

Branches:
Dungeon (7/15)             Temple (1/1) D:4

Altars:
Ashenzari
Dithmenos
Gozag
Nemelex Xobeh
Okawaru
Qazlal
Ru
Trog
Uskayaw
Xom
Zin
The Shining One

Annotations:
D:2 exclusion: downstairs
D:4 Sigmund
D:7 Pikel


Innate Abilities, Weirdness & Mutations

You have a pair of horns on your head.
You reflexively headbutt those who attack you in melee.


Message History

You barely miss Pikel. You headbutt Pikel!
Pikel is moderately wounded.
You block Pikel's attack.
The lemure is engulfed in freezing vapours.
You kill the lemure!
That felt strangely unrewarding.
The lemure hits you.
You closely miss Pikel.
Pikel is moderately wounded.
Pikel hits you but does no damage. The lemure closely misses you.
You closely miss Pikel. You headbutt Pikel.
Pikel is heavily wounded.
Pikel zaps a wand.
Your mind is blasted!
You block the lemure's attack.
You hit Pikel. You headbutt Pikel, but do no damage.
Pikel is severely wounded.
The kobold throws a stone.
The stone hits you.
You puncture the lemure! You headbutt the lemure!
The lemure is severely wounded.
You hit Pikel but do no damage.
Pikel is severely wounded.
The lemure hits you.
You hit Pikel.
Pikel is severely wounded.
Pikel hits you with a +0 whip of flaming!
Pikel burns you. The lemure hits you but does no damage.
The kobold hits you but does no damage.
You barely miss Pikel.
Pikel is severely wounded.
Pikel zaps a wand.
Your mind is blasted!
* * * LOW HITPOINT WARNING * * *
The lemure hits you.
* * * LOW HITPOINT WARNING * * *
The kobold barely misses you.
You completely miss Pikel. You headbutt Pikel, but do no damage.
Pikel is severely wounded.
Pikel hits you but does no damage. The kobold barely misses you.
You hit Pikel. You headbutt Pikel.
Pikel is severely wounded.
Pikel zaps a wand.
Your mind is blasted!
You die...
Pikel says, "See you in Hell!"

....................#
.....................#
.....................#
.....................#
.....................#
..............[......#
......?..............#
......5K..........[..#
.....5K@..............#
......#############...#
..#.. ' ...# ... .. ...
.. .


You could see Pikel, 2 lemures and a kobold.

Vanquished Creatures
  A kobold demonologist (D:6)
  Grinder (D:4)
  The ghost of farilari the Shooter, an amateur SpHu of the Shining One (D:5)
  An acid dragon (D:5)
  A black bear (D:2)
  4 ogres
  A centaur (D:5)
  A lemure (D:7)
  A phantom (D:6)
  A kobold brigand (D:7)
  6 scorpions
  4 howler monkeys
  A hound (D:6)
  A jelly (D:6)
  A gnoll bouda (D:4)
  A sleepcap (D:5)
  Jessica (D:3)
  4 iguanas (D:5)
  2 orc wizards
  9 adders
  5 gnolls
  2 shadow imps
  2 white imps
  4 ufetubi (D:7)
  2 worms
  A dart slug (D:2)
  15 orcs
  9 ball pythons
  5 bats
  10 endoplasms
  3 giant cockroaches
  5 goblins
  15 hobgoblins
  9 kobolds
  2 quokkas
  3 rats
135 creatures vanquished.

Notes
Turn   | Place    | Note
-------+----------+-------------------------------------------
     0 | D:1      | Queen the Minotaur Monk began the quest for the Orb.
     0 | D:1      | Reached XP level 1. HP: 19/19 MP: 0/0
    36 | D:1      | Reached XP level 2. HP: 27/27 MP: 1/1
   292 | D:1      | Reached XP level 3. HP: 32/33 MP: 2/2
   349 | D:1      | Reached skill level 1 in Armour
   824 | D:2      | Noticed a black bear
   935 | D:2      | Killed a black bear
   936 | D:2      | Reached XP level 4. HP: 22/41 MP: 3/3
   936 | D:2      | Reached XP level 5. HP: 25/47 MP: 4/4
  1951 | D:3      | Noticed Jessica
  1952 | D:3      | Noticed Grinder
  1963 | D:4      | Killed Grinder
  1964 | D:4      | Reached skill level 5 in Fighting
  1964 | D:4      | Reached skill level 5 in Polearms
  1964 | D:4      | Reached XP level 6. HP: 45/56 MP: 5/5
  2085 | D:3      | Killed Jessica
  2086 | D:3      | Reached skill level 5 in Dodging
  2429 | D:4      | Found a staircase to the Ecumenical Temple.
  2447 | Temple   | Entered the Ecumenical Temple
  2478 | Temple   | Became a worshipper of Qazlal Stormbringer
  2478 | Temple   | Reached * piety under Qazlal
  2478 | Temple   | Reached ** piety under Qazlal
  2542 | D:4      | Reached XP level 7. HP: 52/62 MP: 6/6
  2625 | D:4      | Reached skill level 1 in Invocations
  2901 | D:4      | Noticed Sigmund
  2915 | D:4      | Found a staircase to the Ecumenical Temple.
  2937 | D:5      | Entered Level 5 of the Dungeon
  3045 | D:5      | Found a runed translucent gate.
  3045 | D:5      | Found a runed translucent gate.
  3045 | D:5      | Found a runed translucent gate.
  3046 | D:5      | Found an opulent altar of Gozag.
  3046 | D:5      | Noticed farilari's ghost (amateur SpHu)
  3095 | D:5      | Reached XP level 8. HP: 71/71 MP: 8/8
  3135 | D:5      | Found a sparkling altar of Nemelex Xobeh.
  3135 | D:5      | Found a sacrificial altar of Ru.
  3155 | D:5      | Reached *** piety under Qazlal
  3156 | D:5      | Reached skill level 5 in Armour
  3581 | D:5      | Killed farilari's ghost
  3845 | D:5      | Found a sparkling altar of Nemelex Xobeh.
  3845 | D:5      | Found a sacrificial altar of Ru.
  4224 | D:6      | Noticed a kobold demonologist
  4246 | D:6      | Killed a kobold demonologist
  4247 | D:6      | Reached XP level 9. HP: 79/79 MP: 10/10
  4959 | D:7      | Noticed Pikel
  4979 | D:7      | Blown up by Pikel

Illustrated notes

Levels and vault maps discovered:
D:1:      psy_arrival_statuary, layout_rooms
D:2:      layout_loops_ring, hangedman_decor_lopped, grunt_ministairs_10,
          reono_crystal_passage, uniq_crazy_yiuf_cottage
D:3:      layout_rooms, uniq_jessica, uniq_grinder
D:4:      layout_rooms, temple_green, uniq_sigmund
D:5:      layout_basic, jmf_multi_god_temple, ebering_ghost_gozag
D:6:      lemuel_ice_spiral_2, layout_rooms
D:7:      layout_basic, mainiacjoe_overflow_catch_the_wave,
          gammafunk_temple_overflow_elements, uniq_pikel
Temple:   grunt_temple_mini_profane

Skill      XL: |  1  2  3  4  5  6  7  8  9 |
---------------+----------------------------+-----
Polearms       | 4 5 6 7 |  7.9
Fighting       | 4 5 6 7 |  7.9
Armour         | 2 3 4 6 |  6.7
Dodging        | 4 5 6 7 |  7.2
Invocations    | 2 3 4 |  4.3

Action                     |  1- 3 |  4- 6 |  7- 9 || total
---------------------------+-------+-------+-------++-------
  Melee: Spear             |    65 |    64 |       ||   129
         Headbutt          |    13 |    11 |    45 ||    69
         Trident           |       |    29 |   187 ||   216
    Use: Scroll            |     3 |     1 |     7 ||    11
         Potion            |     2 |       |     2 ||     4
 Armour: Robe              |    35 |     8 |       ||    43
         Chain mail        |       |    16 |    98 ||   114
  Dodge: Dodged            |    35 |    24 |    79 ||   138
  Block: Orb               |       |       |    18 ||    18

Table legend: (Time is in decaauts)
 A = Elapsed time spent in this place.
 B = Non-inter-level travel time spent in this place.
 C = Inter-level travel time spent in this place.
 D = Time resting spent in this place.
 E = Time spent auto-exploring this place.
 F = Levels seen in this place.
 G = Mean time per level.
                   A        B        C        D        E       F      G
               +--------+--------+--------+--------+--------+-----+--------+
         Total |   4958 |   4660 |    298 |    140 |   3655 |   8 |  619.8 |
       Dungeon |   4899 |   4653 |    246 |    140 |   3655 |   7 |  699.9 |
        Temple |     58 |      6 |     52 |      0 |      0 |   1 |   58.0 |
               +--------+--------+--------+--------+--------+-----+--------+

Top non-repeatable levels by time:
     D:5: 1081 daAuts
     D:2: 952 daAuts
     D:1: 884 daAuts
     D:6: 806 daAuts
     D:4: 682 daAuts
     D:3: 394 daAuts
     D:7: 98 daAuts
  Temple: 58 daAuts
